 Dungeon Crawl Stone Soup version 0.27.0-1-g7a089689b8 (webtiles) character file.

Game seed: 94907350044615347

17044 simples the Cleaver (level 12, -5/110 HPs)
             Began as a Minotaur Berserker on Aug 14, 2021.
             Was a High Priest of Trog.
             Slain by a basilisk (11 damage)
             ... on level 2 of the Lair of Beasts.
             The game lasted 00:13:02 (15314 turns).

simples the Cleaver (Minotaur Berserker)           Turns: 15314, Time: 00:13:02

Health: -5/110     AC: 16    Str: 23    XL:     12   Next: 15%
Magic:  11/11      EV: 11    Int:  4    God:    Trog [*****.]
Gold:   659        SH:  0    Dex: 14    Spells: 11/11 levels left

rFire    . . .     SeeInvis .   D - +3 hand axe (freeze)
rCold    + . .     Faith    .   (no shield)
rNeg     . . .     Spirit   .   h - +0 plate armour
rPois    .         Reflect  .   (helmet restricted)
rElec    .         Harm     .   (no cloak)
rCorr    .         Rampage  .   e - +0 pair of gloves
Will     .....                  (no boots)
Stlth    ..........             (no amulet)
HPRegen  0.28/turn              N - ring of protection from cold
MPRegen  0.12/turn              (no ring)

@: no status effects
A: horns 2, retaliatory headbutt
a: Renounce Religion, Berserk, Trog's Hand, Brothers in Arms


You were on level 2 of the Lair of Beasts.
You worshipped Trog.
Trog was extremely pleased with you.
You visited 2 branches of the dungeon, and saw 12 of its levels.
You also visited: Ossuary.

You collected 659 gold pieces.

Inventory:

Hand Weapons
 n - a +1 whip of venom
 D - a +3 hand axe of freezing (weapon)
 E - a +0 battleaxe
 M - a +0 vorpal war axe
Missiles
 F - 4 throwing nets (quivered)
Armour
 e - a +0 pair of gloves (worn)
 h - a +0 plate armour (worn)
 k - +0 acid dragon scales
Jewellery
 N - a ring of protection from cold (left hand)
Wands
 v - a wand of mindburst (10)
 H - a wand of iceblast (10)
 J - a wand of acid (4)
 K - a wand of flame (36)
 L - a wand of paralysis (8)
Scrolls
 b - 2 scrolls of noise {unknown}
 d - a scroll of silence
 f - 16 scrolls of identify
 i - 8 scrolls of amnesia
 j - 3 scrolls of enchant armour
 p - 3 scrolls of holy word {unknown}
 s - 3 scrolls of teleportation {unknown}
 t - 2 scrolls of blinking {unknown}
 u - 3 scrolls of vulnerability {unknown}
 x - a scroll of magic mapping {unknown}
 y - 2 scrolls of enchant weapon {unknown}
 A - 4 scrolls of immolation {unknown}
 B - a scroll of torment {unknown}
 C - 2 scrolls of fog {unknown}
Potions
 a - 3 potions of brilliance {unknown}
 c - 7 potions of curing {unknown}
 g - 3 potions of heal wounds {unknown}
 l - 2 potions of lignification {unknown}
 m - 5 potions of degeneration {unknown}
 o - 2 potions of resistance {unknown}
 q - a potion of mutation {unknown}
 r - a potion of cancellation {unknown}
 w - a potion of berserk rage {unknown}
 z - a potion of flight {unknown}
 G - a potion of might {unknown}
 I - 3 potions of haste {unknown}
 O - a potion of attraction {unknown}


   Skills:
 + Level 11.2 Fighting
 * Level 14.8 Axes
 + Level 10.9 Armour
 + Level 10.1 Dodging


You had 11 spell levels left.
You didn't know any spells.
Your spell library was empty.

Dungeon Overview and Level Annotations

Branches:
Dungeon (10/15)            Temple (0/1) D:5            Lair (2/6) D:10
Ossuary (visited)
  Swamp: Lair:2-4    Shoals: Lair:2-4     Snake: Lair:2-4    Spider: Lair:2-4
    Orc: D:9-12

Altars:
Cheibriados
Fedhas
Makhleb
Qazlal
Sif Muna
Trog
Vehumet
Yredelemnul

Shops:
D:5 (   D:8 *

Annotations:
Lair:2 exclusion: oklob plant


Innate Abilities, Weirdness & Mutations

You have a pair of horns on your head.
You reflexively headbutt those who attack you in melee.


Message History

The seven-headed hydra bites you.
* * * LOW HITPOINT WARNING * * *
The seven-headed hydra bites you but does no damage. x3
The bullfrog hits you but does no damage.
The basilisk gazes at you. You resist with some effort. The bullfrog hits you.
* * * LOW HITPOINT WARNING * * *
The seven-headed hydra bites you.
* * * LOW HITPOINT WARNING * * *
The seven-headed hydra bites you but does no damage. x4
The seven-headed hydra bites you.
* * * LOW HITPOINT WARNING * * *
The seven-headed hydra bites you.
* * * LOW HITPOINT WARNING * * *
The basilisk bites you!
* * * LOW HITPOINT WARNING * * *
You turn to flesh and can move again.
Okay, then.
Okay, then.
As you read the scroll labelled PENE KYDGHEXUZ, it crumbles to dust.
It is a scroll of enchant armour.
Really abort (and waste the scroll)? [Y]es or [N]o only, please.
Really abort (and waste the scroll)?
Okay, then.
The bullfrog hits you but does no damage.
The seven-headed hydra bites you but does no damage.
The seven-headed hydra closely misses you.
The seven-headed hydra misses you.
The seven-headed hydra barely misses you.
The seven-headed hydra bites you but does no damage.
The seven-headed hydra bites you.
* * * LOW HITPOINT WARNING * * *
The seven-headed hydra bites you.
* * * LOW HITPOINT WARNING * * *
The bullfrog hits you.
* * * LOW HITPOINT WARNING * * *
The basilisk bites you!
You die...

## ######## ##########
P###P..##.####.#.#.#..##
........................
........................
................F.......
................@l......
.................D....##
......#..#.#..........#
..÷..######.##.......##
#÷...## ###.........#
#.....# ..........#
P....## .............
.>....# ..............
.....## ...........


You could see a seven-headed hydra, a basilisk and a bullfrog.

Vanquished Creatures
  Harold (D:7)
  A hydra (Lair:1)
  A faun (Lair:1)
  2 cane toads (Lair:1)
  A rime drake (Lair:2)
  6 komodo dragons
  A hornet (D:9)
  2 trolls
  9 blink frogs
  3 basilisks (Lair:2)
  15 yaks
  A steam dragon (D:7)
  An acid dragon (D:8)
  4 water moccasins
  Duvessa (D:7)
  4 orc warriors
  4 ice beasts
  2 necrophages (D:5)
  A hornet zombie (D:7)
  A black bear (D:5)
  5 sky beasts
  An ogre (D:5)
  3 centaurs
  28 wolves (Lair:1)
  A phantom (D:4)
  11 bullfrogs
  A kobold brigand (D:10)
  2 gnoll sergeants
  Dowan (D:7)
  9 killer bees
  3 howler monkeys (D:10)
  6 wights
  A jelly (D:6)
  An electric eel (Lair:1)
  A bullfrog zombie (D:5)
  A centaur zombie (D:8)
  2 hounds (D:5)
  2 centaur skeletons
  2 orc priests (D:7)
  A gnoll shaman (D:7)
  5 orc wizards
  3 iguanas
  A statue (D:7)
  A hound zombie (D:5)
  A hound skeleton (D:5)
  A mummy (Ossuary)
  12 gnolls
  5 adders
  A shadow imp (D:8)
  3 white imps
  An adder skeleton (D:4)
  2 worms
  3 dart slugs
  33 orcs
  6 ball pythons
  9 endoplasms
  5 giant cockroaches
  10 gnoll zombies (Ossuary)
  6 goblins
  6 hobgoblins
  3 jackals (D:2)
  3 quokkas
  4 bats
  4 bat simulacra (Ossuary)
  A frilled lizard (D:2)
  2 goblin simulacra (Ossuary)
  6 goblin zombies (Ossuary)
  3 hobgoblin zombies (Ossuary)
  6 kobolds
  3 kobold simulacra (Ossuary)
  4 kobold zombies (Ossuary)
  5 orc zombies (Ossuary)
  3 rats
  A rat simulacrum (Ossuary)
  3 spectral goblins (Ossuary)
  4 spectral kobolds (Ossuary)
  3 spectral rats (Ossuary)
315 creatures vanquished.

Vanquished Creatures (collateral kills)
  7 yaks
  An ogre (D:4)
  3 gnolls (D:4)
11 creatures vanquished.

Vanquished Creatures (others)
  3 fungi
  8 plants
11 creatures vanquished.

Grand Total: 337 creatures vanquished

Notes
Turn   | Place    | Note
-------+----------+-------------------------------------------
     0 | D:1      | simples the Minotaur Berserker began the quest for the Orb.
     0 | D:1      | Reached XP level 1. HP: 19/19 MP: 0/0
   338 | D:1      | Reached XP level 2. HP: 27/27 MP: 1/1
   576 | D:1      | Found a snail-covered altar of Cheibriados.
   659 | D:2      | Reached skill level 4 in Axes
  1184 | D:2      | Reached XP level 3. HP: 29/33 MP: 2/2
  1235 | D:2      | Reached ** piety under Trog
  1664 | D:2      | Found a blossoming altar of Fedhas.
  2237 | D:3      | Found a faded altar of an unknown god.
  2255 | D:3      | Reached XP level 4. HP: 38/38 MP: 3/3
  2860 | D:4      | Found a sand-covered staircase.
  2881 | Ossuary  | Entered an ossuary
  3073 | Ossuary  | Reached *** piety under Trog
  3074 | Ossuary  | Reached skill level 5 in Axes
  3144 | Ossuary  | Reached XP level 5. HP: 39/47 MP: 4/4
  3402 | D:4      | Noticed a phantom
  3416 | D:4      | Killed a phantom
  3558 | D:4      | Reached **** piety under Trog
  3996 | D:4      | Found a blossoming altar of Fedhas.
  3999 | D:4      | Found a bloodstained altar of Trog.
  4004 | D:4      | Found a burning altar of Makhleb.
  4086 | D:4      | Noticed an ogre
  4092 | D:4      | Reached XP level 6. HP: 55/55 MP: 5/5
  4094 | D:4      | Reached skill level 6 in Axes
  4623 | D:5      | Entered Level 5 of the Dungeon
  4640 | D:5      | Noticed an ice beast
  4652 | D:5      | Killed an ice beast
  4653 | D:5      | Reached skill level 5 in Fighting
  4729 | D:5      | Noticed an ice beast
  4736 | D:5      | Reached XP level 7. HP: 35/61 MP: 6/6
  4740 | D:5      | Reached skill level 7 in Axes
  5097 | D:5      | Reached skill level 5 in Armour
  5274 | D:5      | Identified the +0 spear of Peace {freeze, rElec rCorr Str-2
                  | Stlth+}
  5459 | D:5      | Found a staircase to the Ecumenical Temple.
  5522 | D:5      | Reached skill level 5 in Dodging
  5668 | D:5      | Reached XP level 8. HP: 56/70 MP: 7/7
  5829 | D:5      | Reached skill level 8 in Axes
  5933 | D:5      | Noticed a troll
  5947 | D:5      | Killed a troll
  5962 | D:5      | Reached skill level 9 in Axes
  5994 | D:5      | Found Apo Donk's Weapon Emporium.
  7083 | D:7      | Reached XP level 9. HP: 75/79 MP: 8/8
  7414 | D:7      | Reached skill level 10 in Axes
  7437 | D:7      | Noticed Duvessa
  7439 | D:7      | Noticed Dowan
  7851 | D:7      | Killed Duvessa
  7855 | D:7      | Killed Dowan
  8549 | D:7      | Found a radiant altar of Vehumet.
  8716 | D:8      | Noticed Harold
  8984 | D:7      | Reached skill level 11 in Axes
  8989 | D:7      | Killed Harold
  8990 | D:7      | Reached XP level 10. HP: 90/90 MP: 9/9
  9291 | D:8      | Found a basalt altar of Yredelemnul.
  9475 | D:8      | You fall into a shaft and drop 1 floor!
 10073 | D:8      | Found Jialloc's Gadget Gallery.
 10106 | D:8      | Found a shimmering blue altar of Sif Muna.
 10505 | D:9      | Reached skill level 12 in Axes
 11155 | D:10     | Entered Level 10 of the Dungeon
 11385 | D:10     | Found a stormy altar of Qazlal.
 11605 | D:10     | Found a staircase to the Lair.
 11866 | Lair:1   | Entered Level 1 of the Lair of Beasts
 11873 | Lair:1   | Noticed a cane toad
 11883 | Lair:1   | Killed a cane toad
 12159 | Lair:1   | Noticed a cane toad
 12174 | Lair:1   | Killed a cane toad
 12175 | Lair:1   | Reached XP level 11. HP: 58/99 MP: 10/10
 12494 | Lair:1   | Reached skill level 13 in Axes
 12629 | Lair:1   | Noticed a five-headed hydra
 12636 | Lair:1   | Killed a five-headed hydra
 12718 | Lair:1   | Reached skill level 10 in Fighting
 12936 | Lair:1   | Reached skill level 10 in Armour
 12968 | Lair:1   | Reached skill level 14 in Axes
 12976 | Lair:1   | Reached ***** piety under Trog
 14487 | Lair:2   | Reached skill level 10 in Dodging
 14487 | Lair:2   | Reached XP level 12. HP: 108/110 MP: 11/11
 15301 | Lair:2   | Noticed a seven-headed hydra
 15314 | Lair:2   | Slain by a basilisk

Illustrated notes

Levels and vault maps discovered:
D:1:      dpeg_arrival_water_altar, layout_rooms, nrook_uturn,
          grunt_decor_fettered, kennysheep_another_room, fountainhead
D:2:      layout_basic, basic_altar
D:3:      layout_basic, ebering_ecumenical_altar_mist
D:4:      layout_gridville, grunt_temple_overflow_diamond,
          nicolae_ossuary_entry_ruins
D:5:      cheibrodos_helix_gallery, layout_loops_ring,
          minmay_temple_entry_antechambers, serial_shops, shop, st_stairs_8,
          chequers_serial_rivers_marsh
D:6:      layout_loops_corners
D:7:      layout_basic, vehumet_statue, uniq_duvessa
D:8:      layout_rooms, kennysheep_orc_sif_temple, old_standard_altar,
          nicolae_shop_gadgets, uniq_harold
D:9:      layout_grid_maze
D:10:     layout_loops_cross, mainiacjoe_overflow_alcove_4, david_lair_shrubbed
Lair:1:   layout_gridlike, grunt_forest_large_clearings,
          infiniplex_staircase_pool_2
Lair:2:   layout_cellular_growth, uniq_erica

Skill      XL: |  1  2  3  4  5  6  7  8  9 10 11 |
---------------+----------------------------------+-----
Axes           | 4 5 6 7 9 11 12 14 | 14.8
Fighting       | 4 5 6 7 8 9 11 | 11.2
Armour         | 3 4 5 6 8 9 10 | 10.9
Dodging        | 3 4 5 6 7 8 10 | 10.1

Action                   |  1- 3 |  4- 6 |  7- 9 | 10-12 || total
-------------------------+-------+-------+-------+-------++-------
Melee: Hand axe          |    81 |   225 |   207 |   380 ||   893
       Headbutt          |    16 |    46 |    52 |    70 ||   184
       Whip              |       |       |       |     1 ||     1
Invok: Berserk           |       |     1 |     5 |     6 ||    12
       Trog's Hand       |       |     1 |     5 |       ||     6
       Brothers in Arms  |       |     1 |     1 |     4 ||     6
Evoke: Wand              |       |       |       |     5 ||     5
  Use: Scroll            |       |       |     1 |     2 ||     3
 Stab: Distracted        |       |       |       |     1 ||     1
Armor: Animal skin       |    20 |       |       |       ||    20
       Plate armour      |    19 |   117 |   131 |   222 ||   489
Dodge: Dodged            |    38 |    61 |    89 |   175 ||   363
